TOP OF THE 1ST |
Northville Eclipse batting - Pitching for Lancaster Farmers : RHP Roger Rodenburg
|
Pitching: RHP Roger Rodenburg
|
|
Batting: RHB Sidney Mackell
|
0-0: Ground out 1-3 (Groundball, P)
|
Batting: RHB Bill Wilson
|
0-0: Ball 1-0: Foul Ball, location: 2F 1-1: Ball 2-1: Bunted foul 2-2: Ground out 5-3 (Groundball, 56)
|
Batting: LHB Conrad Hessing
|
0-0: Ground out 4-3 (Groundball, 4)
|
Top of the 1st over - 0 runs, 0 hits, 0 errors, 0 left on base; Northville 0 - Lancaster 0 |
BOTTOM OF THE 1ST |
Lancaster Farmers batting - Pitching for Northville Eclipse : RHP Jesús Fernández
|
Pitching: RHP Jesús Fernández
|
|
Batting: LHB Barry Flauker
|
0-0: Ball 1-0: Ground out 4-3 (Groundball, 4)
|
Batting: RHB José Medina
|
0-0: Ball 1-0: Called Strike 1-1: Ball 2-1: Ball 3-1: Foul Ball, location: 2F 3-2: Base on Balls
|
Batting: RHB Domingo Altamirańo
|
0-0: DOUBLE (Line Drive, 78XD) José Medina to third Runner from 3rd tries for Home, SAFE, no throw
|
Batting: LHB Ramón Padilla
|
0-0: Ball 1-0: Foul Ball, location: 2F 1-1: Ground out U3 (Groundball, 3) Domingo Altamirańo to third
|
Batting: RHB Min-tae Yi
|
0-0: Ball 1-0: Called Strike 1-1: Ball 2-1: Ball 3-1: Called Strike 3-2: Ground out 6-3 (Groundball, 6)
|
Bottom of the 1st over - 1 run, 1 hit, 0 errors, 1 left on base; Northville 0 - Lancaster 1 |
TOP OF THE 2ND |
Northville Eclipse batting - Pitching for Lancaster Farmers : RHP Roger Rodenburg
|
Batting: LHB Qing-nian Zexian
|
0-0: Called Strike 0-1: Foul Ball, location: 2F 0-2: Foul Ball, location: 2F 0-2: Foul Ball, location: 2F 0-2: Strikes out swinging
|
Batting: LHB Raymond Dudzinski
|
0-0: Hit by Pitch
|
Batting: LHB Mihai Dumitru
|
0-0: Ball 1-0: Grounds into double play, 4-6-3 (Groundball, 34)
|
Top of the 2nd over - 0 runs, 0 hits, 0 errors, 0 left on base; Northville 0 - Lancaster 1 |
BOTTOM OF THE 2ND |
Lancaster Farmers batting - Pitching for Northville Eclipse : RHP Jesús Fernández
|
Batting: RHB Cisco Gómez
|
0-0: Ball 1-0: Fly out, F7 (Flyball, 7)
|
Batting: RHB Chrysler Rodriguez
|
0-0: Fly out, F8 (Line Drive, 8LD)
|
Batting: LHB Mike Sanderson
|
0-0: Ball 1-0: Fly out, F8 (Flyball, 8RD)
|
Bottom of the 2nd over - 0 runs, 0 hits, 0 errors, 0 left on base; Northville 0 - Lancaster 1 |
TOP OF THE 3RD |
Northville Eclipse batting - Pitching for Lancaster Farmers : RHP Roger Rodenburg
|
Batting: LHB Lonnie Murray
|
0-0: Ground out 6-3 (Groundball, 6M)
|
Batting: RHB Tabor de Maria
|
0-0: Ball 1-0: Ball 2-0: Ball 3-0: Base on Balls
|
Batting: SHB Javier Murillo
|
0-0: Ball 1-0: Foul Ball, location: 2F 1-1: Foul Ball, location: 2F 1-2: Ball 2-2: Fly out, F5 (Popup, 5F)
|
Batting: RHB Sidney Mackell
|
0-0: Ball 1-0: Ball 2-0: Ball 3-0: Base on Balls Tabor de Maria to second
|
Batting: RHB Bill Wilson
|
0-0: Foul Ball, location: 2F 0-1: Fielders Choice at 2nd, 5-4 (Groundball, 56)
|
Top of the 3rd over - 0 runs, 0 hits, 0 errors, 2 left on base; Northville 0 - Lancaster 1 |
BOTTOM OF THE 3RD |
Lancaster Farmers batting - Pitching for Northville Eclipse : RHP Jesús Fernández
|
Batting: LHB Francisco Barranco
|
0-0: Ground out 4-3 (Groundball, 34D)
|
Batting: LHB Barry Flauker
|
0-0: Fly out, F8 (Line Drive, 8LD)
|
Batting: RHB José Medina
|
0-0: Swinging Strike 0-1: Ball 1-1: SINGLE (Line Drive, 56)
|
Batting: RHB Domingo Altamirańo
|
0-0: Called Strike 0-1: Swinging Strike 0-2: Foul Ball, location: 2F 0-2: Foul Ball, location: 2F 0-2: Ball 1-2: Foul Ball, location: 2F 1-2: Foul Ball, location: 2F 1-2: SINGLE (Line Drive, 9LS) José Medina to second Runner from 2nd tries for 3rd, SAFE, no throw
|
Batting: LHB Ramón Padilla
|
0-0: Ball 1-0: Called Strike 1-1: Foul Ball, location: 2F 1-2: Fly out, F5 (Popup, 5S)
|
Bottom of the 3rd over - 0 runs, 2 hits, 0 errors, 2 left on base; Northville 0 - Lancaster 1 |
TOP OF THE 4TH |
Northville Eclipse batting - Pitching for Lancaster Farmers : RHP Roger Rodenburg
|
Batting: LHB Conrad Hessing
|
0-0: Called Strike 0-1: SINGLE (Groundball, 3S) (infield hit)
|
Batting: LHB Qing-nian Zexian
|
0-0: Ball 1-0: Foul Ball, location: 2F 1-1: Grounds into double play, 6-4-3 (Groundball, 6)
|
Batting: LHB Raymond Dudzinski
|
0-0: Called Strike 0-1: Fly out, F8 (Flyball, 8LM)
|
Top of the 4th over - 0 runs, 1 hit, 0 errors, 0 left on base; Northville 0 - Lancaster 1 |
BOTTOM OF THE 4TH |
Lancaster Farmers batting - Pitching for Northville Eclipse : RHP Jesús Fernández
|
Batting: RHB Min-tae Yi
|
0-0: Fly out, F4 (Popup, 34)
|
Batting: RHB Cisco Gómez
|
0-0: SINGLE (Line Drive, 6MD)
|
Batting: RHB Chrysler Rodriguez
|
0-0: Ball 1-0: Ball 2-0: Foul Ball, location: 2F 2-1: Grounds into double play, 5-4-3 (Groundball, 56)
|
Bottom of the 4th over - 0 runs, 1 hit, 0 errors, 0 left on base; Northville 0 - Lancaster 1 |
TOP OF THE 5TH |
Northville Eclipse batting - Pitching for Lancaster Farmers : RHP Roger Rodenburg
|
Batting: LHB Mihai Dumitru
|
0-0: Ball 1-0: Foul Ball, location: 2F 1-1: Foul Ball, location: 2F 1-2: Foul Ball, location: 2F 1-2: Ground out 4-3 (Groundball, 34D)
|
Batting: LHB Lonnie Murray
|
0-0: Ball 1-0: Ball 2-0: Called Strike 2-1: SINGLE (Groundball, 34D)
|
Batting: RHB Tabor de Maria
|
0-0: Ball 1-0: Fly out, F8 (Line Drive, 78D)
|
Batting: SHB Javier Murillo
|
0-0: Swinging Strike 0-1: Ball 1-1: Foul Ball, location: 2F 1-2: Ball 2-2: Foul Ball, location: 2F 2-2: Foul Ball, location: 2F 2-2: Strikes out swinging
|
Top of the 5th over - 0 runs, 1 hit, 0 errors, 1 left on base; Northville 0 - Lancaster 1 |
BOTTOM OF THE 5TH |
Lancaster Farmers batting - Pitching for Northville Eclipse : RHP Jesús Fernández
|
Batting: LHB Mike Sanderson
|
0-0: Fly out, F3 (Popup, 3F)
|
Batting: LHB Francisco Barranco
|
0-0: Ball 1-0: Foul Ball, location: 2F 1-1: Ground out 4-3 (Groundball, 4)
|
Batting: LHB Barry Flauker
|
0-0: Ball 1-0: Foul Ball, location: 2F 1-1: Ball 2-1: Foul Ball, location: 2F 2-2: Foul Ball, location: 2F 2-2: Ground out U3 (Groundball, 34)
|
Bottom of the 5th over - 0 runs, 0 hits, 0 errors, 0 left on base; Northville 0 - Lancaster 1 |
TOP OF THE 6TH |
Northville Eclipse batting - Pitching for Lancaster Farmers : RHP Roger Rodenburg
|
Batting: RHB Sidney Mackell
|
0-0: Ball 1-0: Ball 2-0: Ball 3-0: Foul Ball, location: 2F 3-1: Base on Balls
|
Batting: RHB Bill Wilson
|
0-0: Bunted foul 0-1: Sac Bunt - play at first, batter OUT! 2-4 Sidney Mackell to second
|
Batting: LHB Conrad Hessing
|
0-0: Ball Throwing error on steal attempt, E2 Sidney Mackell scores 1-0: Foul Ball, location: 2F 1-1: Foul Ball, location: 2F 1-2: SINGLE (Line Drive, 4D)
|
Batting: LHB Qing-nian Zexian
|
0-0: Ball 1-0: Fly out, F9 (Flyball, 9D)
|
Batting: LHB Raymond Dudzinski
|
0-0: Ball 1-0: Ball 2-0: Ball 3-0: Called Strike 3-1: Base on Balls Conrad Hessing to second
|
Batting: LHB Mihai Dumitru
|
0-0: Ball 1-0: Ball 2-0: Ball 3-0: Base on Balls Conrad Hessing to third Raymond Dudzinski to second
|
Batting: LHB Lonnie Murray
|
0-0: Swinging Strike 0-1: Ground out U3 (Groundball, 3)
|
Top of the 6th over - 1 run, 1 hit, 1 error, 3 left on base; Northville 1 - Lancaster 1 |
BOTTOM OF THE 6TH |
Lancaster Farmers batting - Pitching for Northville Eclipse : RHP Jesús Fernández
|
Batting: RHB José Medina
|
0-0: Ball 1-0: Ball 2-0: Called Strike 2-1: Called Strike 2-2: Ball 3-2: Strikes out swinging
|
Batting: RHB Domingo Altamirańo
|
0-0: Foul Ball, location: 2F 0-1: Swinging Strike 0-2: Fly out, F9 (Flyball, 89S)
|
Batting: LHB Ramón Padilla
|
0-0: Foul Ball, location: 2F 0-1: Ball 1-1: Swinging Strike 1-2: Ball 2-2: Ground out 4-3 (Groundball, 4)
|
Bottom of the 6th over - 0 runs, 0 hits, 0 errors, 0 left on base; Northville 1 - Lancaster 1 |
TOP OF THE 7TH |
Northville Eclipse batting - Pitching for Lancaster Farmers : RHP Roger Rodenburg
|
Batting: RHB Tabor de Maria
|
0-0: Swinging Strike 0-1: Ground out 6-3 (Groundball, 6)
|
Batting: SHB Javier Murillo
|
0-0: Called Strike 0-1: Swinging Strike 0-2: Strikes out swinging
|
Pinch Hitting: LHB Marvello Obra
|
0-0: Called Strike 0-1: Called Strike 0-2: Hit by Pitch
|
Pinch Runner at 1st Yi-ping Hor:
|
|
Batting: RHB Bill Wilson
|
Pickoff Throw to First - Out!
|
Top of the 7th over - 0 runs, 0 hits, 0 errors, 0 left on base; Northville 1 - Lancaster 1 |
BOTTOM OF THE 7TH |
Lancaster Farmers batting - Pitching for Northville Eclipse : RHP Jesús Fernández
|
Now at 3B: Kauna Aleferede
|
|
Pinch Hitting: LHB Alfonso Pacheco
|
0-0: Ball 1-0: Ball 2-0: Swinging Strike 2-1: Ball 3-1: Base on Balls
|
Batting: RHB Cisco Gómez
|
0-0: Sac Bunt - play at first, batter OUT! 5-3 Alfonso Pacheco to second
|
Batting: RHB Chrysler Rodriguez
|
0-0: Swinging Strike 0-1: Swinging Strike 0-2: Ball 1-2: Ball 2-2: Ball 3-2: Base on Balls
|
Batting: LHB Mike Sanderson
|
0-0: Called Strike 0-1: Grounds into double play, 4-6-3 (Groundball, 4)
|
Bottom of the 7th over - 0 runs, 0 hits, 0 errors, 1 left on base; Northville 1 - Lancaster 1 |
TOP OF THE 8TH |
Northville Eclipse batting - Pitching for Lancaster Farmers : RHP Roger Rodenburg
|
Now at 3B: Alfonso Pacheco
|
|
Batting: RHB Bill Wilson
|
0-0: Fly out, F6 (Line Drive, 6)
|
Batting: LHB Conrad Hessing
|
0-0: Fly out, F7 (Flyball, 78XD)
|
Batting: LHB Qing-nian Zexian
|
0-0: Ball 1-0: Ball 2-0: TRIPLE (Line Drive, 89XD)
|
Pitching: RHP António Rodríguez
|
|
Batting: LHB Raymond Dudzinski
|
0-0: Called Strike 0-1: Swinging Strike 0-2: Ball 1-2: Ball 2-2: Ball 3-2: Foul Ball, location: 2F 3-2: Ground out 3-1 (Groundball, 23)
|
Top of the 8th over - 0 runs, 1 hit, 0 errors, 1 left on base; Northville 1 - Lancaster 1 |
BOTTOM OF THE 8TH |
Lancaster Farmers batting - Pitching for Northville Eclipse : RHP Jesús Fernández
|
Pitching: RHP T.J. Juckson
|
|
Batting: LHB Francisco Barranco
|
0-0: Ball 1-0: Fly out, F7 (Flyball, 7S)
|
Batting: LHB Barry Flauker
|
0-0: Ball 1-0: Called Strike 1-1: Called Strike 1-2: Ball 2-2: Ball 3-2: Foul Ball, location: 2F 3-2: Foul Ball, location: 2F 3-2: Strikes out swinging
|
Batting: RHB José Medina
|
0-0: Ball 1-0: Called Strike 1-1: Swinging Strike 1-2: Foul Ball, location: 2F 1-2: Ball 2-2: Strikes out looking
|
Bottom of the 8th over - 0 runs, 0 hits, 0 errors, 0 left on base; Northville 1 - Lancaster 1 |
TOP OF THE 9TH |
Northville Eclipse batting - Pitching for Lancaster Farmers : RHP António Rodríguez
|
Pitching: RHP René Fontaine
|
|
Batting: LHB Mihai Dumitru
|
0-0: SINGLE (Groundball, 25) (infield hit)
|
Batting: LHB Lonnie Murray
|
0-0: SINGLE (Line Drive, 89S) Mihai Dumitru to second Runner from 2nd tries for 3rd, SAFE, no throw
|
Batting: RHB Tabor de Maria
|
0-0: Called Strike 0-1: Ball 1-1: Ball 2-1: Ball 3-1: Swinging Strike 3-2: Strikes out swinging Lonnie Murray steals 2nd base Batter strikes out.
|
Batting: SHB Javier Murillo
|
0-0: Ball 1-0: Swinging Strike 1-1: Foul Ball, location: 2F 1-2: Foul Ball, location: 2F 1-2: Ball 2-2: Foul Ball, location: 2F 2-2: Strikes out looking
|
Batting: RHB Kauna Aleferede
|
0-0: Ball 1-0: Ball 2-0: Called Strike 2-1: Ground out 5-3 (Groundball, 5L)
|
Top of the 9th over - 0 runs, 2 hits, 0 errors, 2 left on base; Northville 1 - Lancaster 1 |
BOTTOM OF THE 9TH |
Lancaster Farmers batting - Pitching for Northville Eclipse : RHP T.J. Juckson
|
Batting: RHB Domingo Altamirańo
|
0-0: Ground out 4-3 (Groundball, 4)
|
Batting: LHB Ramón Padilla
|
0-0: Called Strike 0-1: Ball 1-1: Called Strike 1-2: Ball 2-2: Ball 3-2: Base on Balls
|
Batting: LHB Alfonso Pacheco
|
0-0: Ball 1-0: Fly out, F8 (Flyball, 8RD)
|
Batting: RHB Cisco Gómez
|
0-0: Ball 1-0: Ball 2-0: Foul Ball, location: 2F 2-1: Called Strike 2-2: SINGLE (Line Drive, 9S) Ramón Padilla to second Runner from 2nd tries for 3rd, SAFE, throw made to third
|
Batting: RHB Chrysler Rodriguez
|
0-0: 3-RUN HOME RUN (Flyball, 7LD), Distance : 347 ft
|
Friday, March 29th, 2019 - OOTP Baseball 18.8 Build 76
|
|